PBL
PORTLAND ANGELS @ OAKLAND OAKS
10/09/2047
 
TOP OF THE 1ST
Kelowna Heat batting - Pitching for Oakland Oaks : RHP Andre Hudson
Pitching: RHP Andre Hudson
Batting: RHB Jesus Payano 0-0: TRIPLE (Flyball, 89XD, EV 107.5 MPH)
Batting: RHB Johnny Sandoval 0-0: Ball
1-0: Swinging Strike
1-1: SINGLE (Line Drive, 78S, EV 91.9 MPH)
Jesus Payano scores
Batting: RHB Leo Loetzsch 0-0: Swinging Strike
0-1: Foul Ball, location: 2F
0-2: Ball
1-2: Strikes out swinging
Batting: LHB Jimmy Hannon 0-0: Ball
1-0: Ball
Pickoff Throw by Catcher to First - Out!
2-0: Ball
3-0: Called Strike
3-1: Called Strike
3-2: Base on Balls
Batting: LHB Hugo Juarez 0-0: Ball
1-0: Ball
2-0: SINGLE (Flyball, 8LS, EV 86.3 MPH)
Jimmy Hannon to second
Batting: RHB Edwin Soto 0-0: Ball
1-0: Ball
2-0: Called Strike
2-1: Ball
3-1: Base on Balls
Jimmy Hannon to third
Hugo Juarez to second
Batting: RHB Genbe Takei 0-0: Foul Ball, location: 2F
0-1: Ball
1-1: Ball
2-1: Called Strike
2-2: SINGLE (Flyball, 78S, EV 90.0 MPH)
Jimmy Hannon scores
Hugo Juarez to third
Edwin Soto to second
Batting: RHB Waki Matsui 0-0: Ball
1-0: Ball
2-0: Ball
3-0: Base on Balls
Hugo Juarez scores
Edwin Soto to third
Genbe Takei to second
Batting: RHB Kouchi Akiyama 0-0: Ball
1-0: Foul Ball, location: 2F
1-1: Foul Ball, location: 2F
1-2: Ball
2-2: Strikes out looking
Top of the 1st over - 3 runs, 4 hits, 0 errors, 3 left on base; Kelowna 3 - Oakland 0
BOTTOM OF THE 1ST
Oakland Oaks batting - Pitching for Kelowna Heat : RHP Kouchi Akiyama
Pitching: RHP Kouchi Akiyama
Batting: RHB Josh Rucker 0-0: Called Strike
0-1: Called Strike
0-2: Ball
1-2: Ball
2-2: Ball
3-2: Fly out, F7 (Flyball, 78M, EV 89.4 MPH)
Batting: RHB Fathi Addae 0-0: Ball
1-0: Foul Ball, location: 2F
1-1: Foul Ball, location: 2F
1-2: Hit by Pitch
Batting: LHB Angel Sanchez 0-0: Called Strike
0-1: Called Strike
0-2: Foul Ball, location: 2F
0-2: Foul Ball, location: 2F
0-2: Ball
1-2: DOUBLE (Flyball, 78D, EV 106.9 MPH)
Fathi Addae to third
Batting: RHB Dunlang Clark 0-0: Fly out, F9 (Flyball, 9D, EV 101.3 MPH)
Runner from 3rd tags up, SCORES, throw by RF
Angel Sanchez to third
Batting: SHB Nelson Powell 0-0: Called Strike
0-1: SINGLE (Groundball, 4S, EV 65.6 MPH) (infield hit)
Angel Sanchez scores
Batting: LHB Ruben Garcia 0-0: Called Strike
0-1: Fly out, F6 (Popup, 6M, EV 65.6 MPH)
Bottom of the 1st over - 2 runs, 2 hits, 0 errors, 1 left on base; Kelowna 3 - Oakland 2
TOP OF THE 2ND
Kelowna Heat batting - Pitching for Oakland Oaks : RHP Andre Hudson
Batting: RHB Jesus Payano 0-0: Ground out 6-3 (Groundball, 6, EV 88.1 MPH)
Batting: RHB Johnny Sandoval 0-0: Foul Ball, location: 2F
0-1: Ball
1-1: Foul Ball, location: 2F
1-2: Fly out, F1 (Line Drive, P, EV 68.1 MPH)
Batting: RHB Leo Loetzsch 0-0: Foul Ball, location: 2F
0-1: Hit by Pitch
Batting: LHB Jimmy Hannon 0-0: Ball
Leo Loetzsch steals 2nd base
1-0: Called Strike
1-1: Swinging Strike
1-2: Ball
2-2: Strikes out looking
Top of the 2nd over - 0 runs, 0 hits, 0 errors, 1 left on base; Kelowna 3 - Oakland 2
BOTTOM OF THE 2ND
Oakland Oaks batting - Pitching for Kelowna Heat : RHP Kouchi Akiyama
Batting: RHB Devin Arnold 0-0: Ground out 3-1 (Groundball, 34S, EV 70.6 MPH)
Batting: LHB Matt Pollock 0-0: Ball
1-0: Foul Ball, location: 2F
1-1: Foul Ball, location: 2F
1-2: Ball
2-2: Foul Ball, location: 2F
2-2: Ball
3-2: TRIPLE (Flyball, 78XD, EV 103.8 MPH)
Batting: RHB Andre Hudson 0-0: Ball
1-0: Ball
2-0: Ball
3-0: Base on Balls
Batting: RHB Josh Rucker 0-0: Called Strike
0-1: Fielders Choice at 2nd, 5-4 (Groundball, 56, EV 75.6 MPH)
Matt Pollock scores
Batting: RHB Fathi Addae 0-0: Ball
Josh Rucker is caught stealing 2nd base 2-4
Bottom of the 2nd over - 1 run, 1 hit, 0 errors, 0 left on base; Kelowna 3 - Oakland 3
TOP OF THE 3RD
Kelowna Heat batting - Pitching for Oakland Oaks : RHP Andre Hudson
Batting: LHB Hugo Juarez 0-0: Ball
1-0: Ball
2-0: Called Strike
2-1: Swinging Strike
2-2: Ball
3-2: Base on Balls
Batting: RHB Edwin Soto 0-0: Ball
Hugo Juarez steals 2nd base
1-0: Called Strike
1-1: Foul Ball, location: 2F
1-2: Strikes out swinging
Batting: RHB Genbe Takei 0-0: Called Strike
0-1: Ball
1-1: Fly out, F9 (Line Drive, 9, EV 109.4 MPH)
Batting: RHB Waki Matsui 0-0: Called Strike
0-1: Fly out, F9 (Flyball, 89D, EV 92.5 MPH)
Top of the 3rd over - 0 runs, 0 hits, 0 errors, 1 left on base; Kelowna 3 - Oakland 3
BOTTOM OF THE 3RD
Oakland Oaks batting - Pitching for Kelowna Heat : RHP Kouchi Akiyama
Batting: RHB Fathi Addae 0-0: Called Strike
0-1: SINGLE (Groundball, 56D, EV 96.9 MPH)
Batting: LHB Angel Sanchez 0-0: 2-RUN HOME RUN (Line Drive, 89XD, EV 103.1 MPH), Distance : 458 ft
Batting: RHB Dunlang Clark 0-0: Ball
1-0: Swinging Strike
1-1: Called Strike
1-2: Strikes out swinging
Batting: SHB Nelson Powell 0-0: Called Strike
0-1: Ball
1-1: Swinging Strike
1-2: Ground out 4-3 (Groundball, 4, EV 83.8 MPH)
Batting: LHB Ruben Garcia 0-0: Called Strike
0-1: Ball
1-1: Ball
2-1: Foul Ball, location: 2F
2-2: Ground out 4-3 (Groundball, 4, EV 88.8 MPH)
Bottom of the 3rd over - 2 runs, 2 hits, 0 errors, 0 left on base; Kelowna 3 - Oakland 5
TOP OF THE 4TH
Kelowna Heat batting - Pitching for Oakland Oaks : RHP Andre Hudson
Batting: RHB Kouchi Akiyama 0-0: Called Strike
0-1: Ball
1-1: Called Strike
1-2: Strikes out looking
Batting: RHB Jesus Payano 0-0: Ball
1-0: SINGLE (Groundball, 56S, EV 73.1 MPH) (infield hit)
Batting: RHB Johnny Sandoval 0-0: Ball
1-0: SINGLE (Groundball, 6MD, EV 106.9 MPH)
Jesus Payano to second
Throwing error, E8
Jesus Payano scores
Johnny Sandoval to second
Batting: RHB Leo Loetzsch 0-0: Ground out 6-3 (Groundball, 6, EV 102.5 MPH)
Batting: LHB Jimmy Hannon 0-0: DOUBLE (Flyball, 89XD, EV 98.8 MPH)
Johnny Sandoval scores
Pitching: RHP Gustavo Garza
Now at 3B: Riley Comisky
Batting: LHB Hugo Juarez 0-0: Ball
1-0: Fly out, F7 (Flyball, 78S, EV 84.4 MPH)
Top of the 4th over - 2 runs, 3 hits, 1 error, 1 left on base; Kelowna 5 - Oakland 5
BOTTOM OF THE 4TH
Oakland Oaks batting - Pitching for Kelowna Heat : RHP Kouchi Akiyama
Batting: RHB Devin Arnold 0-0: Ball
1-0: Ground out 6-3 (Groundball, 6, EV 86.3 MPH)
Batting: LHB Matt Pollock 0-0: Ball
1-0: Called Strike
1-1: Swinging Strike
1-2: Ball
2-2: Foul Ball, location: 2F
2-2: Ball
3-2: Foul Ball, location: 2F
3-2: Fly out, F1 (Line Drive, P, EV 75.6 MPH)
Batting: RHB Riley Comisky 0-0: Swinging Strike
0-1: Ball
1-1: Called Strike
1-2: Foul Ball, location: 2F
1-2: Fly out, F7 (Flyball, 7LSF, EV 85.0 MPH)
Bottom of the 4th over - 0 runs, 0 hits, 0 errors, 0 left on base; Kelowna 5 - Oakland 5
TOP OF THE 5TH
Kelowna Heat batting - Pitching for Oakland Oaks : RHP Gustavo Garza
Batting: RHB Edwin Soto 0-0: Ball
1-0: Ball
2-0: SINGLE (Groundball, 6, EV 80.0 MPH) (infield hit)
Batting: RHB Genbe Takei 0-0: Ball
1-0: Ball
2-0: Called Strike
2-1: Foul Ball, location: 2F
2-2: Ball
3-2: Strikes out swinging
Batting: RHB Waki Matsui 0-0: Foul Ball, location: 2F
0-1: Ball
Edwin Soto steals 2nd base
1-1: Ground out 6-3 (Groundball, 6, EV 104.4 MPH)
Pinch Hitting: RHB Edgar Silva 0-0: Foul Ball, location: 2F
0-1: Ball
1-1: Fly out, F8 (Flyball, 89D, EV 96.3 MPH)
Top of the 5th over - 0 runs, 1 hit, 0 errors, 1 left on base; Kelowna 5 - Oakland 5
BOTTOM OF THE 5TH
Oakland Oaks batting - Pitching for Kelowna Heat : RHP Kouchi Akiyama
Pitching: RHP Lee Schneider
Batting: RHB Josh Rucker 0-0: Called Strike
0-1: Foul Ball, location: 2F
0-2: Strikes out swinging
Batting: RHB Fathi Addae 0-0: Ball
1-0: Ball
2-0: Foul Ball, location: 2F
2-1: Fly out, F3 (Line Drive, 3, EV 70.0 MPH)
Batting: LHB Angel Sanchez 0-0: Ball
1-0: Foul Ball, location: 2F
1-1: Ground out 4-3 (Groundball, 4, EV 100.0 MPH)
Bottom of the 5th over - 0 runs, 0 hits, 0 errors, 0 left on base; Kelowna 5 - Oakland 5
TOP OF THE 6TH
Kelowna Heat batting - Pitching for Oakland Oaks : RHP Gustavo Garza
Batting: RHB Jesus Payano 0-0: Ball
1-0: Ball
2-0: Called Strike
2-1: Swinging Strike
2-2: Strikes out swinging
Batting: RHB Johnny Sandoval 0-0: Ball
1-0: Called Strike
1-1: Swinging Strike
1-2: Strikes out looking
Batting: RHB Leo Loetzsch 0-0: Called Strike
0-1: Ball
1-1: Swinging Strike
1-2: Foul Ball, location: 2F
1-2: Strikes out looking
Top of the 6th over - 0 runs, 0 hits, 0 errors, 0 left on base; Kelowna 5 - Oakland 5
BOTTOM OF THE 6TH
Oakland Oaks batting - Pitching for Kelowna Heat : RHP Lee Schneider
Batting: RHB Dunlang Clark 0-0: Called Strike
0-1: Ball
1-1: Foul Ball, location: 2F
1-2: Strikes out swinging
Batting: SHB Nelson Powell 0-0: Called Strike
0-1: Ball
1-1: Ball
2-1: Ground out 2-3 (Groundball, 15S, EV 69.4 MPH)
Pinch Hitting: LHB Jose Zamarripa 0-0: Called Strike
0-1: Ball
1-1: Ball
2-1: Foul Ball, location: 2F
2-2: Ball
3-2: DOUBLE (Line Drive, 7LS, EV 99.4 MPH)
Batting: RHB Devin Arnold 0-0: Ball
1-0: Ball
2-0: Ball
3-0: Called Strike
3-1: Fly out, F9 (Flyball, 89D, EV 90.6 MPH)
Bottom of the 6th over - 0 runs, 1 hit, 0 errors, 1 left on base; Kelowna 5 - Oakland 5
TOP OF THE 7TH
Kelowna Heat batting - Pitching for Oakland Oaks : RHP Gustavo Garza
Pitching: RHP Roy Buehler
Batting: LHB Jimmy Hannon 0-0: Ball
1-0: Ground out 4-3 (Groundball, 4MS, EV 83.1 MPH)
Batting: LHB Hugo Juarez 0-0: Ball
1-0: Foul Ball, location: 2F
1-1: Ball
2-1: SOLO HOME RUN (Flyball, 78XD, EV 90.6 MPH), Distance : 425 ft
Batting: RHB Edwin Soto 0-0: Ball
1-0: Ball
2-0: Ball
3-0: Base on Balls
Batting: RHB Genbe Takei 0-0: Called Strike
0-1: Called Strike
Edwin Soto steals 2nd base
0-2: Ball
1-2: Foul Ball, location: 2F
1-2: SINGLE (Groundball, 34D, EV 94.4 MPH)
Edwin Soto to third
Runner from 3rd tries for Home, throw by RF and OUT! 9-2
Batting: RHB Waki Matsui 0-0: Called Strike
0-1: Swinging Strike
0-2: Strikes out swinging
Top of the 7th over - 1 run, 2 hits, 0 errors, 1 left on base; Kelowna 6 - Oakland 5
BOTTOM OF THE 7TH
Oakland Oaks batting - Pitching for Kelowna Heat : RHP Lee Schneider
Batting: LHB Matt Pollock 0-0: Called Strike
0-1: Ball
1-1: Swinging Strike
1-2: Ball
2-2: Ball
3-2: Base on Balls
Pinch Hitting: SHB BastiĆ£o Joyce 0-0: Sac Bunt to P - play at first, batter OUT! 1-4
Matt Pollock to second
Pinch Hitting: SHB Raul Camargo 0-0: Ball
1-0: Foul Ball, location: 2F
1-1: Foul Ball, location: 2F
1-2: Ball
2-2: Strikes out swinging
Batting: RHB Fathi Addae 0-0: Ball
1-0: Fly out, F9 (Flyball, 9S, EV 91.3 MPH)
Bottom of the 7th over - 0 runs, 0 hits, 0 errors, 1 left on base; Kelowna 6 - Oakland 5
TOP OF THE 8TH
Kelowna Heat batting - Pitching for Oakland Oaks : RHP Roy Buehler
Now at 1B: Raul Camargo
Now in CF: Joe Bandelin
Pinch Hitting: RHB Masaichi Tokunaga 0-0: Ball
1-0: Foul Ball, location: 2F
1-1: Foul Ball, location: 2F
1-2: Ball
2-2: Ball
3-2: Foul Ball, location: 2F
3-2: Strikes out swinging
Batting: RHB Jesus Payano 0-0: Foul Ball, location: 2F
0-1: Swinging Strike
0-2: Strikes out swinging
Batting: RHB Johnny Sandoval 0-0: Swinging Strike
0-1: Foul Ball, location: 2F
0-2: Ball
1-2: Ball
2-2: Fly out, F2 (Popup, 23F, EV 86.9 MPH)
Top of the 8th over - 0 runs, 0 hits, 0 errors, 0 left on base; Kelowna 6 - Oakland 5
BOTTOM OF THE 8TH
Oakland Oaks batting - Pitching for Kelowna Heat : RHP Lee Schneider
Pitching: RHP Ricardo Lopez
Batting: LHB Angel Sanchez 0-0: Called Strike
0-1: Swinging Strike
0-2: Fly out, F7 (Flyball, 78S, EV 91.9 MPH)
Batting: RHB Dunlang Clark 0-0: Ball
1-0: SINGLE (Groundball, 4MS, EV 68.1 MPH) (infield hit)
Batting: SHB Nelson Powell 0-0: Ball
1-0: Ball
2-0: Called Strike
2-1: SINGLE (Groundball, 4MD, EV 95.0 MPH)
Dunlang Clark to second
Pinch Hitting: SHB Vasco Granadeiro 0-0: Ball
1-0: Ball
2-0: Called Strike
2-1: Foul Ball, location: 2F
2-2: Ball
3-2: Strikes out swinging
Pinch Hitting: LHB Carlos Lara 0-0: SINGLE (Groundball, 34D, EV 94.4 MPH)
Dunlang Clark to third
Nelson Powell to second
Runner from 3rd tries for Home, SAFE, throw by RF to trailing runner, OUT at third! 9-5
Bottom of the 8th over - 1 run, 3 hits, 0 errors, 1 left on base; Kelowna 6 - Oakland 6
TOP OF THE 9TH
Kelowna Heat batting - Pitching for Oakland Oaks : RHP Roy Buehler
Pitching: RHP Chris Faulkner
Now at SS: Nicolas MacDonald
Batting: RHB Leo Loetzsch 0-0: Fly out, F4 (Popup, 4S, EV 68.8 MPH)
Batting: LHB Jimmy Hannon 0-0: Called Strike
0-1: Called Strike
0-2: Strikes out looking
Batting: LHB Hugo Juarez 0-0: Foul Ball, location: 2F
0-1: Foul Ball, location: 2F
0-2: Strikes out swinging
Top of the 9th over - 0 runs, 0 hits, 0 errors, 0 left on base; Kelowna 6 - Oakland 6
BOTTOM OF THE 9TH
Oakland Oaks batting - Pitching for Kelowna Heat : RHP Ricardo Lopez
Pitching: LHP Andy Bromley
Pinch Hitting: RHB Travis Lanctot 0-0: Ball
1-0: Fly out, F6 (Popup, P, EV 85.0 MPH)
Pinch Hitting: RHB Josh Keller 0-0: Called Strike
0-1: Swinging Strike
0-2: Ball
1-2: Ball
2-2: Strikes out swinging
Batting: SHB Raul Camargo 0-0: Called Strike
0-1: Ball
1-1: Ground out 6-3 (Groundball, 6, EV 99.4 MPH)
Bottom of the 9th over - 0 runs, 0 hits, 0 errors, 0 left on base; Kelowna 6 - Oakland 6
TOP OF THE 10TH
Kelowna Heat batting - Pitching for Oakland Oaks : RHP Chris Faulkner
Now in LF: Thomas Ensley
Now in CF: Robby Bryant
Batting: RHB Edwin Soto 0-0: Foul Ball, location: 2F
0-1: Ball
1-1: Ball
2-1: Fly out, F8 (Flyball, 89D, EV 85.6 MPH)
Batting: RHB Genbe Takei 0-0: Ball
1-0: Ball
2-0: Fly out, F7 (Line Drive, 7, EV 97.5 MPH)
Pinch Hitting: LHB Emilio Cordero 0-0: Foul Ball, location: 2F
0-1: Ball
1-1: Ball
2-1: Swinging Strike
2-2: Ball
3-2: Strikes out looking
Top of the 10th over - 0 runs, 0 hits, 0 errors, 0 left on base; Kelowna 6 - Oakland 6
BOTTOM OF THE 10TH
Oakland Oaks batting - Pitching for Kelowna Heat : LHP Andy Bromley
Pitching: RHP Orlando Braber
Now at 3B: Colin Burgess
Batting: RHB Fathi Addae 0-0: Ball
1-0: Called Strike
1-1: Called Strike
1-2: SOLO HOME RUN (Line Drive, 7D, EV 100.6 MPH), Distance : 379 ft
Game Over ... Oakland defeats Kelowna, 7 to 6
Thursday, December 15th , 2022 - OOTP Baseball 23.9 Build 102